 Dungeon Crawl Stone Soup version 0.18.1-50-g88ac8fd (webtiles) character file.

304 Gargoyl the Distorting Demonspawn (level 6, 0/48 HPs)
             Began as a Demonspawn Abyssal Knight on Sept 21, 2016.
             Was a Believer of Lugonu.
             Slain by schammes's ghost (7 damage)
             ... on level 4 of the Dungeon.
             The game lasted 00:07:03 (3335 turns).

Gargoyl the Distorting Demonspawn (DsAK)            Turns: 3335, Time: 00:07:04

Health: 0/48       AC: 12    Str: 14    XL:     6   Next: 15%
Magic:  9/9        EV:  0    Int: 23    God:    Lugonu [**....]
Gold:   270        SH: 11    Dex: 14    Spells: 0 memorised, 5 levels left

rFire  . . .     SeeInvis .     p - +0 war axe
rCold  + . .     Gourm    .     b - +0 plate armour
rNeg   . . .     Faith    .     l - +0 large shield
rPois  .         Spirit   .     (no helmet)
rElec  .         Dismiss  .     (no cloak)
rCorr  .         Reflect  .     (no gloves)
SustAt .         Harm     .     t - +0 pair of boots
MR     .....                    (no amulet)
Stlth  ..........               (no ring)
                                g - +4 ring of intelligence

@: brilliant, flying, not resistant to hostile enchantments, extremely
unstealthy
A: claws 2, hooves 1, agile 1, cold resistance 1
a: Depart the Abyss, Bend Space, Renounce Religion


You were on level 4 of the Dungeon.
You worshipped Lugonu.
Lugonu was pleased with you.
You were not hungry.

You visited 1 branch of the dungeon, and saw 4 of its levels.
You visited the Abyss 1 time.

You collected 270 gold pieces.

Inventory:

Hand Weapons
 a - a +1 hand axe
 p - a +0 war axe (weapon)
 v - a +0 arbalest
Missiles
 k - 3 javelins (quivered)
Armour
 b - a +0 plate armour (worn)
 l - a +0 large shield (worn)
 t - a +0 pair of boots (worn)
Jewellery
 g - a +4 ring of intelligence (left claw)
Wands
 m - a wand of digging (8/24)
 n - a wand of slowing (29/48)
Scrolls
 d - 4 scrolls of identify {unknown}
 f - 2 scrolls of recharging {unknown}
 h - a scroll of enchant armour {unknown}
 i - a scroll of teleportation {unknown}
 j - 2 scrolls of random uselessness {unknown}
 r - a scroll of remove curse {unknown}
Potions
 q - a potion of brilliance
Comestibles
 c - a bread ration
 s - 2 meat rations


   Skills:
 + Level 4.0 Fighting
 + Level 2.6 Axes
 * Level 3.7 Armour
 + Level 1.1 Dodging
 + Level 1.5 Shields
 * Level 4.2 Invocations


You had 5 spell levels left.
You didn't know any spells.

Dungeon Overview and Level Annotations

Branches:
Dungeon (4/15)
 Temple: D:4-7

Altars:
Ashenzari
Fedhas
Gozag
Makhleb
Okawaru
Xom

Annotations:
D:4 schammes's ghost, amateur DsFi


Innate Abilities, Weirdness & Mutations

You have very sharp fingernails.
You have large cloven feet.
Your flesh is cold resistant.
You are agile. (Dex +2)


Message History

Schammes's ghost is almost destroyed.
Schammes's ghost hits you.
* * * LOW HITPOINT WARNING * * *
Schammes's ghost hits you.
* * * LOW HITPOINT WARNING * * *
You closely miss schammes's ghost.
Schammes's ghost is almost destroyed.
You block schammes's ghost's attack.
Schammes's ghost says, "My insurmountable tactics guarantee your defeat."
Schammes's ghost hits you.
* * * LOW HITPOINT WARNING * * *
You miss schammes's ghost.
Schammes's ghost is almost destroyed.
Schammes's ghost hits you.
* * * LOW HITPOINT WARNING * * *
You closely miss schammes's ghost.
Schammes's ghost is almost destroyed.
Schammes's ghost hits you but does no damage.
Schammes's ghost hits you!
You die...

..######.รท......#+####.
#.....................#
#.....................#
#.....................#
......................#
........##............#
......####.#..........#
...##.# #.#..........#
........ ..#....@W....#
......###########.....###
....### #....##.# ....#
#.#..##.# ..# #.#..##.#
#.#.....# ###.....#
#######


You could see schammes's ghost.

Vanquished Creatures
  A scorpion (D:3)
  A hound (D:4)
  Jessica (D:2)
  Terence (D:2)
  A worker ant (D:4)
  4 gnolls (D:3)
  5 adders
  An ooze (D:2)
  3 dart slugs
  A giant gecko (D:2)
  An orc (D:2)
  A ball python (D:2)
  A giant cockroach (D:1)
  5 goblins
  5 hobgoblins
  6 jackals
  9 kobolds
  2 bats (D:3)
  2 giant newts
  7 rats
58 creatures vanquished.

Notes
Turn   | Place    | Note
--------------------------------------------------------------
     0 | Abyss:1  | Gargoyl the Demonspawn Abyssal Knight began the quest for the Orb.
     0 | Abyss:1  | Reached XP level 1. HP: 18/18 MP: 2/2
     6 | Abyss:1  | Found a corrupted altar of Lugonu.
   123 | Abyss:1  | Noticed a small abomination
   124 | Abyss:1  | Noticed a ynoxinul
   126 | D:1      | Escaped the Abyss
   229 | D:1      | Reached skill level 1 in Dodging
   295 | D:1      | Gained mutation: You have large cloven feet. [demonic ancestry]
   295 | D:1      | Reached XP level 2. HP: 24/24 MP: 3/3
   420 | D:1      | Reached * piety under Lugonu
   841 | D:2      | Noticed Jessica
   855 | D:2      | Killed Jessica
   855 | D:2      | Reached XP level 3. HP: 16/29 MP: 5/5
  1180 | D:2      | Found a blossoming altar of Fedhas.
  1392 | D:2      | Gained mutation: You have sharp fingernails. [demonic ancestry]
  1392 | D:2      | Reached XP level 4. HP: 31/35 MP: 6/6
  1454 | D:2      | Noticed Terence
  1477 | D:2      | Killed Terence
  1985 | D:2      | Found an opulent altar of Gozag.
  1985 | D:2      | Found a shimmering altar of Xom.
  1985 | D:2      | Found a burning altar of Makhleb.
  1986 | D:2      | Found a shattered altar of Ashenzari.
  1987 | D:2      | Found an iron altar of Okawaru.
  1998 | D:2      | Reached ** piety under Lugonu
  2152 | D:3      | Reached skill level 1 in Shields
  2152 | D:3      | Gained mutation: Your flesh is cold resistant. [demonic ancestry]
  2152 | D:3      | Reached XP level 5. HP: 36/42 MP: 7/7
  3129 | D:4      | Gained mutation: You have very sharp fingernails. [demonic ancestry]
  3129 | D:4      | Reached XP level 6. HP: 41/48 MP: 7/9
  3200 | D:4      | Noticed schammes's ghost (amateur DsFi)
  3316 | D:4      | Gained mutation: You are agile. (Dex +2) [potion of beneficial mutation]
  3335 | D:4      | Slain by schammes's ghost

Skill      XL: |  1  2  3  4  5 |
---------------+----------------+-----
Armour         | 2 3 |  3.7
Dodging        | 1 |  1.1
Axes           | 2 |  2.6
Invocations    | 3 4 |  4.2
Shields        | 1 |  1.5
Fighting       | 4 |  4.0

Action                   |  1- 3 |  4- 6 || total
-------------------------+-------+-------++-------
Melee: Hand axe          |    90 |       ||    90
       Kick              |    21 |    38 ||    59
       War axe           |    17 |   287 ||   304
Invok: Depart the Abyss  |     1 |       ||     1
  Use: Potion            |       |     5 ||     5
  Eat: Chunk             |     2 |     7 ||     9
Armor: Scale mail        |     6 |       ||     6
       Plate armour      |    86 |   235 ||   321
Dodge: Dodged            |    18 |    10 ||    28
Block: Large shield      |    30 |   201 ||   231
